 Dungeon Crawl Stone Soup version 0.23-a0-480-g1869896 (webtiles) character file.

22 Firecrotchwizard the Ruffian (level 2, -1/29 HPs)
             Began as a Troll Fighter on Nov 28, 2018.
             Slain by a gnoll
             ... wielding a +0 halberd
              (5 damage)
             ... on level 1 of the Dungeon.
             The game lasted 00:00:57 (460 turns).

Firecrotchwizard the Ruffian (Troll Fighter)         Turns: 460, Time: 00:00:58

Health: -1/29      AC:  5    Str: 23    XL:     2   Next: 68%
Magic:  1/1        EV:  8    Int:  4    God:
Gold:   35         SH:  8    Dex:  9    Spells: 1/1 levels left

rFire    . . .     SeeInvis .     - Unarmed
rCold    . . .     Gourm    +   b - +0 shield
rNeg     . . .     Faith    .   a - +0 robe
rPois    .         Spirit   .   (helmet restricted)
rElec    .         Reflect  .   (no cloak)
rCorr    .         Harm     .   (gloves unavailable)
MR       .....                  (boots unavailable)
Stlth    +.........             (no amulet)
HPRegen  0.49/turn              (no ring)
MPRegen  0.07/turn              (no ring)

@: no status effects
A: large, unfitting armour, claws 3, fast metabolism 3, gourmand, regeneration
1, shaggy fur 1, tough skin 2
a: no special abilities


You were on level 1 of the Dungeon.
You were not hungry.

You visited 1 branch of the dungeon, and saw 1 of its levels.

You collected 35 gold pieces.

Inventory:

Armour
 a - a +0 robe (worn)
 b - a +0 shield (worn)
Scrolls
 e - a scroll of enchant armour {unknown}
 f - 2 scrolls of remove curse {unknown}
 h - a scroll of identify {unknown}
 i - a scroll of fog {unknown}
Potions
 c - a potion of might
 g - a potion of agility {unknown}
 j - a potion of curing {unknown}
Comestibles
 d - 3 rations


   Skills:
 - Level 2.4 Fighting
 - Level 2.4 Dodging
 + Level 2.7 Shields
 * Level 2.9 Unarmed Combat


You had one spell level left.
You didn't know any spells.
Your spell library was empty.

Dungeon Overview and Level Annotations

Branches:
Dungeon (1/15)

Altars:


Innate Abilities, Weirdness & Mutations

You are too large for most types of armour.
You have claws for hands.
Your metabolism is lightning-fast.
You like to eat raw meat.
Your natural rate of healing is unusually fast.
You are covered in fur. (AC +1)
You have very tough skin. (AC +2)


Message History

You claw the frilled lizard!
You kill the frilled lizard!
A rat comes into view.
The kobold closely misses you.
You closely miss the kobold. The kobold closely misses you.
You closely miss the kobold. The kobold barely misses you.
You scratch the kobold.
You kill the kobold!
You scratch the rat.
You kill the rat!
No target in view!
You may need something to eat soon, looking for food.
Can't find anything matching that.
Sorry, you're not good enough to have a special ability.
You butcher the dart slug corpse.
j - a chunk of flesh {@w0} Eating a chunk of flesh {@w0}.
You eat the chunk of flesh {@w0}.
This raw flesh tastes great.
j - a glowing purple potion
k - a club You drop a club.
A goblin comes into view. It is wielding a +0 dagger.
The goblin shouts!
You closely miss the goblin. The goblin hits you but does no damage.
You claw the goblin!
You kill the goblin!
No target in view!
You may need something to eat soon, looking for food.
Can't find anything matching that.
Sorry, you're not good enough to have a special ability.
k - a +0 dagger You drop a +0 dagger.
Found a stone staircase leading down.
A dart slug comes into view.
You scratch the dart slug. The dart slug launches a dart at you.
You block the slug dart.
You claw the dart slug!
You kill the dart slug!
You may need something to eat soon, looking for food.
Can't find anything matching that.
Sorry, you're not good enough to have a special ability.
f - 2 scrolls labeled VOIPPI ZEADOIPN (gained 1)
You see here 13 stones.
You now have 35 gold pieces (gained 12).
You see here a stone.
You see here 2 stones.
You see here a stone.
You see here a stone.
Things that are here:
a cursed -3 dagger; a kobold skeleton
There is an open door here.
There is a stone staircase leading down here.
A dart slug comes into view.
A dart slug is nearby!
A rat comes into view.
A ball python comes into view.
The dart slug launches a dart at you. You block the slug dart.
The dart slug bites you but does no damage.
You claw the dart slug! You scratch the dart slug.
You kill the dart slug!
The rat bites you.
You take 2 damage, and have 27/29 hp.
You scratch the ball python.
You kill the ball python!
You block the rat's attack.
You barely miss the rat. The rat barely misses you.
You claw the rat!
You kill the rat!
Health restored: 29 No target in view!
No target in view!
You may need something to eat soon, looking for food.
Can't find anything matching that.
Sorry, you're not good enough to have a special ability.
You butcher the dart slug corpse.
k - a chunk of flesh {@w0} Eating a chunk of flesh {@w0}.
You eat the chunk of flesh {@w0}.
This raw flesh tastes great.
A gnoll comes into view. It is wielding a +0 halberd.
The gnoll shouts!
A gnoll is nearby!
A gnoll is nearby!
You block the gnoll's attack.
Your shield prevents you from hitting the gnoll.
The gnoll hits you with a +0 halberd!
You take 12 damage, and have 17/29 hp.
MASSIVE DAMAGE!!
You scratch the gnoll. The gnoll closely misses you.
You scratch the gnoll. The gnoll hits you with a +0 halberd!
* * * LOW HITPOINT WARNING * * *
You take 13 damage, and have 4/29 hp.
MASSIVE DAMAGE!!
You closely miss the gnoll. The gnoll hits you with a +0 halberd.
* * * LOW HITPOINT WARNING * * *
You take 1 damage, and have 3/29 hp.
You closely miss the gnoll. The gnoll hits you with a +0 halberd.
You die...

######## #.......
#....... # #.......
#.##### #.......
######.#...###.......
#....#...............
#...g#.#....##.......
#...@# #..#.##.......
#....#+#.##.#........
#....................
#...........#.#>.....
#.........###.#.#####
#.............#.#
#..........##.#
#..........#
#..........#


You could see a gnoll.

Vanquished Creatures
  4 dart slugs (D:1)
  A leopard gecko (D:1)
  A ball python (D:1)
  A goblin (D:1)
  A frilled lizard (D:1)
  3 kobolds (D:1)
  4 rats (D:1)
15 creatures vanquished.

Notes
Turn   | Place    | Note
-------+----------+-------------------------------------------
     0 | D:1      | Firecrotchwizard the Troll Fighter began the quest for the
                  | Orb.
     0 | D:1      | Reached XP level 1. HP: 22/22 MP: 0/0
   181 | D:1      | Reached XP level 2. HP: 29/29 MP: 1/1
   458 | D:1      | HP: 4/29 [gnoll/+0 halberd (14)]
   460 | D:1      | Slain by a gnoll

Vault maps used:
D:1:      grunt_arrival_crossed_arrows

Action                   || total
-------------------------++-------
Melee: Unarmed           ||    32
  Eat: Chunk             ||     2
Armor: Robe              ||     3
Dodge: Dodged            ||     9
Block: Shield            ||     8

Table legend:
 A = Non-vault XP
 B = Vault XP
 C = Vault XP percentage of total XP
 D = Non-vault monster count
 E = Vault monster count
 F = Vault count percentage of total count
                 A         B        C        D         E       F
            +---------+---------+-------+---------+---------+-------
      Total |      32 |       0 |   0.0 |      15 |       0 |   0.0
            +---------+---------+-------+---------+---------+-------
        D:1 |      32 |       0 |   0.0 |      15 |       0 |   0.0
            +---------+---------+-------+---------+---------+-------

Vault maps used:
D:1:      grunt_arrival_crossed_arrows

Table legend:
 A = Turns spent in this place as a percentage of turns spent in the entire game.
 B = Non-inter-level travel turns spent in this place as a percentage of non-inter-level travel turns spent in the entire game.
 C = Inter-level travel turns spent in this place as a percentage of turns spent in this place.
 D = Turns resting spent in this place as a percentage of non-inter-level travel turns spent in this place.
 E = Turns spent auto-exploring this place as a percentage of non-inter-level travel turns spent in this place.
 F = Non-inter-level travel turns spent in this place divided by the number of levels of this place that you've seen.
                   A       B       C       D       E      F
               +-------+-------+-------+-------+-------+----------------------
         Total | 100.0 | 100.0 |   0.0 |   0.0 |  82.2 | 460.0
       Dungeon | 100.0 | 100.0 |   0.0 |   0.0 |  82.2 | 460.0
               +-------+-------+-------+-------+-------+----------------------

Table legend:
 A = Kills in this place as a percentage of kills in entire the game.
 B = Kills by you in this place as a percentage of kills by you in the entire game.
 C = Kills by friends in this place as a percentage of kills by friends in the entire game.
 D = Other kills in this place as a percentage of other kills in the entire game.
 E = Experience gained in this place as a percentage of experience gained in the entire game.
 F = Experience gained in this place divided by the number of levels of this place that you have seen.
                   A       B       C       D       E      F
               +-------+-------+-------+-------+-------+----------------------
         Total | 100.0 | 100.0 |   N/A |   N/A | 100.0 |  32.0
       Dungeon | 100.0 | 100.0 |   N/A |   N/A | 100.0 |  32.0
               +-------+-------+-------+-------+-------+----------------------
